TOP OF THE 1ST |
El Paso Texans batting - Pitching for Kenosha Kingfish : LHP Dong-young Kang
|
Pitching: LHP Dong-young Kang
|
|
Batting: RHB Domingo Morales
|
0-0: Ball 1-0: Foul Ball, location: 2F 1-1: Swinging Strike 1-2: Strikes out swinging
|
Batting: RHB Wayne Carter
|
0-0: Called Strike 0-1: Fly out, F5 (Line Drive, 56)
|
Batting: LHB Guy Moss
|
0-0: Ball 1-0: Called Strike 1-1: SINGLE (Line Drive, 34D)
|
Batting: LHB Bernardo Morales
|
0-0: Ball 1-0: Ball 2-0: Fly out, F8 (Flyball, 78D)
|
Top of the 1st over - 0 run(s), 1 hit(s), 0 error(s), 1 left on base; El Paso 0 - Kenosha 0 |
BOTTOM OF THE 1ST |
Kenosha Kingfish batting - Pitching for El Paso Texans : RHP George Floyd
|
Pitching: RHP George Floyd
|
|
Batting: RHB Manuel Gómez
|
0-0: Ball 1-0: Swinging Strike 1-1: Ball 2-1: Ground out 6-3 (Groundball, 6)
|
Batting: SHB John Beach
|
0-0: DOUBLE (Line Drive, 9LM)
|
Batting: LHB Jon Quinn
|
0-0: Called Strike 0-1: Swinging Strike 0-2: Ball 1-2: DOUBLE (Line Drive, 89M) John Beach scores
|
Batting: LHB Davey Casey
|
0-0: Called Strike 0-1: Fly out, F4 (Popup, 3D)
|
Batting: SHB Devin Smith
|
0-0: Called Strike 0-1: Called Strike 0-2: Ball 1-2: Strikes out swinging
|
Bottom of the 1st over - 1 run(s), 2 hit(s), 0 error(s), 1 left on base; El Paso 0 - Kenosha 1 |
TOP OF THE 2ND |
El Paso Texans batting - Pitching for Kenosha Kingfish : LHP Dong-young Kang
|
Batting: LHB Enrique Cruz
|
0-0: Ball 1-0: Ball 2-0: Ball 3-0: Called Strike 3-1: Foul Ball, location: 2F 3-2: Strikes out looking
|
Batting: RHB Marvin Johnson
|
0-0: Ball 1-0: Ball 2-0: Called Strike 2-1: Ball 3-1: Base on Balls
|
Batting: LHB Michael Melton
|
0-0: Called Strike 0-1: Swinging Strike 0-2: Strikes out swinging
|
Batting: LHB Roberto Félix
|
0-0: Ball 1-0: Called Strike 1-1: Foul Ball, location: 2F 1-2: Ball 2-2: Ball 3-2: Strikes out swinging
|
Top of the 2nd over - 0 run(s), 0 hit(s), 0 error(s), 1 left on base; El Paso 0 - Kenosha 1 |
BOTTOM OF THE 2ND |
Kenosha Kingfish batting - Pitching for El Paso Texans : RHP George Floyd
|
Batting: LHB Dusty Wilson
|
0-0: Called Strike 0-1: Called Strike 0-2: Ball 1-2: Foul Ball, location: 2F 1-2: Strikes out swinging
|
Batting: RHB David Barker
|
0-0: Called Strike 0-1: Foul Ball, location: 2F 0-2: Ball 1-2: SINGLE (Groundball, 6MD)
|
Batting: RHB Bob Lee
|
0-0: Called Strike 0-1: Ball 1-1: Ball 2-1: Fly out, F9 (Flyball, 9LM)
|
Batting: RHB Tommy Davenport
|
0-0: Called Strike 0-1: Foul Ball, location: 2F 0-2: Ball 1-2: Strikes out looking
|
Bottom of the 2nd over - 0 run(s), 1 hit(s), 0 error(s), 1 left on base; El Paso 0 - Kenosha 1 |
TOP OF THE 3RD |
El Paso Texans batting - Pitching for Kenosha Kingfish : LHP Dong-young Kang
|
Batting: RHB Andrew O'Dell
|
0-0: Ball 1-0: Ground out 6-3 (Groundball, 6)
|
Batting: RHB Domingo Morales
|
0-0: Called Strike 0-1: SINGLE (Groundball, 6MD)
|
Batting: RHB Wayne Carter
|
0-0: Ball 1-0: Ball Wild Pitch! Domingo Morales to second 2-0: Ball 3-0: Base on Balls
|
Batting: LHB Guy Moss
|
0-0: Ball 1-0: Ball 2-0: Ball 3-0: Called Strike 3-1: SINGLE (Line Drive, 89M) Domingo Morales to third Wayne Carter to second
|
Batting: LHB Bernardo Morales
|
0-0: Ball 1-0: Foul Ball, location: 2F 1-1: Ball 2-1: Swinging Strike 2-2: Strikes out looking
|
Batting: LHB Enrique Cruz
|
0-0: Called Strike 0-1: Ball 1-1: Ball Wild Pitch! Domingo Morales scores Wayne Carter to third Guy Moss to second 2-1: Foul Ball, location: 2F 2-2: Foul Ball, location: 2F 2-2: Fly out, F7 (Flyball, 78M)
|
Top of the 3rd over - 1 run(s), 2 hit(s), 0 error(s), 2 left on base; El Paso 1 - Kenosha 1 |
BOTTOM OF THE 3RD |
Kenosha Kingfish batting - Pitching for El Paso Texans : RHP George Floyd
|
Batting: RHB Manuel Gómez
|
0-0: Ball 1-0: Called Strike 1-1: Foul Ball, location: 2F 1-2: Ground out 5-3 (Groundball, 56)
|
Batting: SHB John Beach
|
0-0: Ball 1-0: Ball 2-0: Called Strike 2-1: SINGLE (Line Drive, 8RS)
|
Batting: LHB Jon Quinn
|
0-0: Fielders Choice at 2nd, 4-6 (Groundball, 34)
|
Batting: LHB Davey Casey
|
0-0: Ball 1-0: Called Strike 1-1: Ball 2-1: 2-RUN HOME RUN (Flyball, 7LD), Distance : 358 ft
|
Batting: SHB Devin Smith
|
0-0: Ball 1-0: Called Strike 1-1: Swinging Strike 1-2: Strikes out swinging
|
Bottom of the 3rd over - 2 run(s), 2 hit(s), 0 error(s), 0 left on base; El Paso 1 - Kenosha 3 |
TOP OF THE 4TH |
El Paso Texans batting - Pitching for Kenosha Kingfish : LHP Dong-young Kang
|
Batting: RHB Marvin Johnson
|
0-0: Called Strike 0-1: Ball 1-1: Ball 2-1: Ball 3-1: Foul Ball, location: 2F 3-2: Base on Balls
|
Batting: LHB Michael Melton
|
0-0: Ball 1-0: Ball 2-0: Called Strike 2-1: Swinging Strike 2-2: Foul Ball, location: 2F 2-2: Ball 3-2: SINGLE (Groundball, 6D) Marvin Johnson to second
|
Batting: LHB Roberto Félix
|
0-0: Ball 1-0: Ball 2-0: Foul Ball, location: 2F 2-1: Ball 3-1: Foul Ball, location: 2F 3-2: Strikes out swinging
|
Batting: RHB Andrew O'Dell
|
0-0: Foul Ball, location: 2F 0-1: Fly out, F9 (Flyball, 9)
|
Batting: RHB Domingo Morales
|
0-0: Called Strike 0-1: Swinging Strike 0-2: Strikes out swinging
|
Top of the 4th over - 0 run(s), 1 hit(s), 0 error(s), 2 left on base; El Paso 1 - Kenosha 3 |
BOTTOM OF THE 4TH |
Kenosha Kingfish batting - Pitching for El Paso Texans : RHP George Floyd
|
Batting: LHB Dusty Wilson
|
0-0: Called Strike 0-1: Ball 1-1: Ball 2-1: SINGLE (Groundball, 3D)
|
Batting: RHB David Barker
|
0-0: Ball 1-0: Foul Ball, location: 2F 1-1: Ball 2-1: Grounds into double play, 5-4-3 (Groundball, 56)
|
Batting: RHB Bob Lee
|
0-0: Ground out 5-3 (Groundball, 56)
|
Bottom of the 4th over - 0 run(s), 1 hit(s), 0 error(s), 0 left on base; El Paso 1 - Kenosha 3 |
TOP OF THE 5TH |
El Paso Texans batting - Pitching for Kenosha Kingfish : LHP Dong-young Kang
|
Batting: RHB Wayne Carter
|
0-0: Ball 1-0: Ball 2-0: Ground out 2-3 (Groundball, 2R)
|
Batting: LHB Guy Moss
|
0-0: Ball 1-0: Ball 2-0: Ball 3-0: Base on Balls
|
Pitching: RHP Terry Crum
|
|
Batting: LHB Bernardo Morales
|
0-0: Ball Guy Moss is caught stealing 2nd base 1-0: Called Strike 1-1: Ball 2-1: Called Strike 2-2: Ball 3-2: Base on Balls
|
Batting: LHB Enrique Cruz
|
0-0: Foul Ball, location: 2F 0-1: Ball 1-1: Ball 2-1: Ball 3-1: Base on Balls Bernardo Morales to second
|
Batting: RHB Marvin Johnson
|
0-0: Foul Ball, location: 2F 0-1: Ball 1-1: SINGLE (Line Drive, 6D) Bernardo Morales to third Enrique Cruz to second
|
Batting: LHB Michael Melton
|
0-0: Ball 1-0: Foul Ball, location: 2F 1-1: Swinging Strike 1-2: Strikes out swinging
|
Top of the 5th over - 0 run(s), 1 hit(s), 0 error(s), 3 left on base; El Paso 1 - Kenosha 3 |
BOTTOM OF THE 5TH |
Kenosha Kingfish batting - Pitching for El Paso Texans : RHP George Floyd
|
Batting: RHB Tommy Davenport
|
0-0: Ball 1-0: Ball 2-0: Ground out 5-3 (Groundball, 5S)
|
Batting: RHB Manuel Gómez
|
0-0: Called Strike 0-1: Ball 1-1: Reached on error, E5 (Groundball, 5L)
|
Batting: SHB John Beach
|
0-0: Ball Manuel Gómez is caught stealing 2nd base 1-0: Swinging Strike 1-1: Ball 2-1: Ball 3-1: Base on Balls
|
Batting: LHB Jon Quinn
|
0-0: Ball 1-0: Foul Ball, location: 2F 1-1: Swinging Strike 1-2: Ball 2-2: Ball 3-2: Strikes out looking
|
Bottom of the 5th over - 0 run(s), 0 hit(s), 1 error(s), 1 left on base; El Paso 1 - Kenosha 3 |
TOP OF THE 6TH |
El Paso Texans batting - Pitching for Kenosha Kingfish : RHP Terry Crum
|
Batting: LHB Roberto Félix
|
0-0: Swinging Strike 0-1: Swinging Strike 0-2: Strikes out swinging
|
Batting: RHB Andrew O'Dell
|
0-0: Foul Ball, location: 2F 0-1: Ball 1-1: Fly out, F7 (Flyball, 78S)
|
Batting: RHB Domingo Morales
|
0-0: Swinging Strike 0-1: Foul Ball, location: 2F 0-2: Strikes out swinging
|
Top of the 6th over - 0 run(s), 0 hit(s), 0 error(s), 0 left on base; El Paso 1 - Kenosha 3 |
BOTTOM OF THE 6TH |
Kenosha Kingfish batting - Pitching for El Paso Texans : RHP George Floyd
|
Batting: LHB Davey Casey
|
0-0: Fly out, F4 (Line Drive, 4)
|
Batting: SHB Devin Smith
|
0-0: Ball 1-0: Ball 2-0: Ball 3-0: Called Strike 3-1: Called Strike 3-2: Base on Balls
|
Batting: LHB Dusty Wilson
|
0-0: Ball 1-0: Foul Ball, location: 2F 1-1: Called Strike 1-2: Ball 2-2: Strikes out looking
|
Pitching: RHP Firmino Orsi
|
|
Batting: RHB David Barker
|
0-0: Ball 1-0: Ball 2-0: Ball 3-0: Called Strike 3-1: Base on Balls Devin Smith to second
|
Batting: RHB Bob Lee
|
0-0: Ball 1-0: Foul Ball, location: 2F 1-1: TRIPLE (Flyball, 9LM) Devin Smith scores David Barker scores
|
Batting: RHB Tommy Davenport
|
0-0: Swinging Strike 0-1: Called Strike 0-2: Foul Ball, location: 2F 0-2: Strikes out swinging
|
Bottom of the 6th over - 2 run(s), 1 hit(s), 0 error(s), 1 left on base; El Paso 1 - Kenosha 5 |
TOP OF THE 7TH |
El Paso Texans batting - Pitching for Kenosha Kingfish : RHP Terry Crum
|
Batting: RHB Wayne Carter
|
0-0: Ball 1-0: Ball 2-0: Ball 3-0: Called Strike 3-1: Base on Balls
|
Batting: LHB Guy Moss
|
0-0: Foul Ball, location: 2F 0-1: Ball 1-1: Ball 2-1: DOUBLE (Flyball, 8LXD) Wayne Carter to third
|
Batting: LHB Bernardo Morales
|
0-0: Fly out, F8 (Flyball, 8LM) Runner from 3rd tags up, SCORES, no throw
|
Batting: LHB Enrique Cruz
|
0-0: Called Strike Guy Moss steals 3rd base 0-1: Ball 1-1: Ball 2-1: Foul Ball, location: 2F 2-2: Ball 3-2: Foul Ball, location: 2F 3-2: Base on Balls
|
Batting: RHB Marvin Johnson
|
0-0: Called Strike 0-1: Ball 1-1: Ball 2-1: Foul Ball, location: 2F 2-2: Strikes out swinging
|
Batting: LHB Michael Melton
|
0-0: Called Strike 0-1: Ball 1-1: Ball 2-1: Ball 3-1: Foul Ball, location: 2F 3-2: Foul Ball, location: 2F 3-2: Strikes out swinging
|
Top of the 7th over - 1 run(s), 1 hit(s), 0 error(s), 2 left on base; El Paso 2 - Kenosha 5 |
BOTTOM OF THE 7TH |
Kenosha Kingfish batting - Pitching for El Paso Texans : RHP Firmino Orsi
|
Batting: RHB Manuel Gómez
|
0-0: Ball 1-0: Fly out, F9 (Flyball, 9S)
|
Batting: SHB John Beach
|
0-0: Ball 1-0: Ball 2-0: Called Strike 2-1: Foul Ball, location: 2F 2-2: Ball 3-2: Foul Ball, location: 2F 3-2: Fly out, F7 (Flyball, 7LS)
|
Batting: LHB Jon Quinn
|
0-0: Foul Ball, location: 2F 0-1: Ball 1-1: Called Strike 1-2: Strikes out swinging
|
Bottom of the 7th over - 0 run(s), 0 hit(s), 0 error(s), 0 left on base; El Paso 2 - Kenosha 5 |
TOP OF THE 8TH |
El Paso Texans batting - Pitching for Kenosha Kingfish : RHP Terry Crum
|
Pitching: RHP Edwin Manning
|
|
Batting: LHB Roberto Félix
|
0-0: Foul Ball, location: 2F 0-1: Swinging Strike 0-2: Ball 1-2: Strikes out swinging
|
Batting: RHB Andrew O'Dell
|
0-0: Called Strike 0-1: SINGLE (Line Drive, 56)
|
Pitching: RHP Anastasio Cervantes
|
|
Batting: RHB Domingo Morales
|
0-0: Foul Ball, location: 2F 0-1: Foul Ball, location: 2F 0-2: SINGLE (Groundball, 34D) Andrew O'Dell to second Runner from 2nd tries for 3rd, SAFE, throw made to third Domingo Morales to second
|
Batting: RHB Wayne Carter
|
0-0: Called Strike 0-1: Foul Ball, location: 2F 0-2: Strikes out looking
|
Batting: LHB Guy Moss
|
0-0: Ball 1-0: Ball 2-0: Foul Ball, location: 2F 2-1: Foul Ball, location: 2F 2-2: Foul Ball, location: 2F 2-2: Foul Ball, location: 2F 2-2: Ball 3-2: Base on Balls
|
Batting: LHB Bernardo Morales
|
0-0: Foul Ball, location: 2F 0-1: Swinging Strike 0-2: Foul Ball, location: 2F 0-2: Foul Ball, location: 2F 0-2: Ball 1-2: Ball 2-2: Ball 3-2: SINGLE (Groundball, 56D) Andrew O'Dell scores Domingo Morales to third Guy Moss to second Domingo Morales scores Guy Moss to third
|
Batting: LHB Enrique Cruz
|
0-0: Swinging Strike 0-1: Ball 1-1: Swinging Strike 1-2: Strikes out swinging
|
Top of the 8th over - 2 run(s), 3 hit(s), 0 error(s), 2 left on base; El Paso 4 - Kenosha 5 |
BOTTOM OF THE 8TH |
Kenosha Kingfish batting - Pitching for El Paso Texans : RHP Firmino Orsi
|
Batting: LHB Davey Casey
|
0-0: Foul Ball, location: 2F 0-1: Swinging Strike 0-2: Ground out 4-3 (Groundball, 34)
|
Batting: SHB Devin Smith
|
0-0: Called Strike 0-1: Ball 1-1: Ball 2-1: Foul Ball, location: 2F 2-2: Foul Ball, location: 2F 2-2: Ball 3-2: Base on Balls
|
Batting: LHB Dusty Wilson
|
0-0: Ball 1-0: Called Strike 1-1: Ball 2-1: Ball 3-1: Base on Balls Devin Smith to second
|
Pinch Hitting: LHB Henry Durham
|
0-0: Ball 1-0: Ball 2-0: Ball 3-0: Base on Balls Devin Smith to third Dusty Wilson to second
|
Pinch Hitting: LHB Gustavo Gómez
|
0-0: Ball 1-0: SINGLE (Groundball, 56D) Devin Smith scores Dusty Wilson to third Henry Durham to second
|
Pitching: RHP Mike Marks
|
|
Pinch Hitting: RHB Rubén Hernández
|
0-0: SINGLE (Groundball, 6MD) Dusty Wilson scores Henry Durham to third Gustavo Gómez to second Runner from 3rd tries for Home, SAFE, throw made at trailing runner, OUT at third!
|
Batting: RHB Manuel Gómez
|
0-0: Called Strike 0-1: Called Strike 0-2: Fielders Choice at 2nd, 4-6 (Groundball, 4)
|
Bottom of the 8th over - 3 run(s), 2 hit(s), 0 error(s), 0 left on base; El Paso 4 - Kenosha 8 |
TOP OF THE 9TH |
El Paso Texans batting - Pitching for Kenosha Kingfish : RHP Anastasio Cervantes
|
Now at SS: Sergio Mata
|
|
Now in LF: Alfonso Escasán
|
|
Now in RF: Henry Durham
|
|
Batting: RHB Marvin Johnson
|
0-0: Called Strike 0-1: Ball 1-1: Called Strike 1-2: Ball 2-2: Foul Ball, location: 2F 2-2: Ball 3-2: Strikes out swinging
|
Batting: LHB Michael Melton
|
0-0: Called Strike 0-1: Called Strike 0-2: Ball 1-2: Ball 2-2: Ball 3-2: Foul Ball, location: 2F 3-2: Ground out 5-3 (Groundball, 56)
|
Pitching: LHP Javier Robles
|
|
Batting: LHB Roberto Félix
|
0-0: Foul Ball, location: 2F 0-1: Swinging Strike 0-2: Strikes out swinging
|
Top of the 9th over - 0 run(s), 0 hit(s), 0 error(s), 0 left on base; El Paso 4 - Kenosha 8 |
|